 Dungeon Crawl Stone Soup version 0.27-a0-1140-g099f9bb0e8 (webtiles) character file.

Game seed: 9746710081714443119

4 heikuro the Skirmisher (level 1, 0/18 HPs)
             Began as a Formicid Abyssal Knight on May 9, 2021.
             Was an Initiate of Lugonu.
             Slain by a goblin
             ... wielding a +0 club
              (3 damage)
             ... on level 1 of the Dungeon.
             The game lasted 00:00:34 (392 turns).

heikuro the Skirmisher (Formicid Abyssal Knight)     Turns: 392, Time: 00:00:36

Health: 0/18       AC:  3    Str: 16    XL:     1   Next: 66%
Magic:  2/2        EV: 11    Int: 11    God:    Lugonu [......]
Gold:   0          SH:  0    Dex: 10    Spells: 0/0 levels left

rFire    . . .     SeeInvis +   a - +1 hand axe
rCold    . . .     Faith    .   (no shield)
rNeg     . . .     Spirit   .   b - +0 leather armour
rPois    .         Reflect  .   (helmet unavailable)
rElec    .         Harm     .   (no cloak)
rCorr    .         Rampage  .   (no gloves)
Will     .....                  (no boots)
Stlth    +.........             (no amulet)
HPRegen  0.06/turn              (no ring)
MPRegen  0.08/turn              (no ring)

@: no status effects
A: permanent stasis, dig shafts and tunnels, antennae 3, four strong arms
a: Dig, Shaft Self, Renounce Religion


You were on level 1 of the Dungeon.
You worshipped Lugonu.
Lugonu was noncommittal.
You visited 1 branch of the dungeon, and saw 1 of its levels.
You visited the Abyss 1 time.

Inventory:

Hand Weapons
 a - a +1 hand axe (weapon)
Missiles
 d - 10 poisoned darts
Armour
 b - a +0 leather armour (worn)
Scrolls
 c - 2 scrolls of teleportation {unknown}


   Skills:
 + Level 3.3 Fighting
 * Level 2.1 Axes
 + Level 2.2 Armour
 + Level 1.0 Dodging
 + Level 2.2 Invocations


You couldn't memorise any spells.
You didn't know any spells.
Your spell library was empty.

Dungeon Overview and Level Annotations

Branches:
Dungeon (1/15)

Altars:


Innate Abilities, Weirdness & Mutations

You cannot be hasted, slowed, berserked, paralysed or teleported.
You can dig through walls and to a lower floor.
You have a pair of large antennae on your head. (SInv)
Your four strong arms can wield two-handed weapons with a shield.


Message History

You closely miss the jackal. You hit the jackal. You barely miss the jackal.
The jackal bites you but does no damage.
The jackal closely misses you. The jackal barely misses you.
The jackal closely misses you. x2; The jackal bites you.
You hit the jackal.
You kill the jackal!
Lugonu accepts your kill.
You hit the jackal. x2
You kill the jackal!
Lugonu accepts your kill. The jackal completely misses you.
The jackal bites you but does no damage.
A goblin comes into view. It is wielding a +0 club.
Your Dodging skill increases to level 1!
You hit the jackal but do no damage.
The jackal is heavily wounded.
The jackal bites you but does no damage.
You barely miss the jackal.
The jackal is heavily wounded.
The jackal bites you. x2
You miss the jackal.
The jackal is heavily wounded.
The jackal completely misses you. The jackal bites you.
Things that are here:
a +0 long sword; a jackal corpse You are too injured to fight recklessly!
You are too injured to fight recklessly!
You are too injured to fight recklessly!
You are too injured to fight recklessly!
You closely miss the jackal.
The jackal is heavily wounded.
The jackal bites you. x2
* * * LOW HITPOINT WARNING * * *
You hit the jackal.
You kill the jackal!
Lugonu accepts your kill.
You hit the goblin. The goblin hits you with a +0 club.
* * * LOW HITPOINT WARNING * * *
The goblin hits you with a +0 club.
You die...

≈><≈≈......≈≈≈≈≈≈...##
§§≈≈≈......≈≈≈≈≈≈....##
≈≈§≈........≈≈≈≈...#..##
.§.......#.........#....
.......(................
.........####......$....
..........###...........
........................
.....!........@.......
............g.##...#
..........## ###
..........# ...........
..#.....(.## .........
.........


You could see a goblin.

Vanquished Creatures
  A giant cockroach (D:1)
  3 jackals (D:1)
4 creatures vanquished.

Notes
Turn   | Place    | Note
-------+----------+-------------------------------------------
     0 | Abyss:1  | heikuro the Formicid Abyssal Knight began the quest for the
                  | Orb.
     0 | Abyss:1  | Reached XP level 1. HP: 18/18 MP: 2/2
    85 | Abyss:1  | Noticed a large abomination
    86 | D:1      | Escaped the Abyss
   387 | D:1      | Reached skill level 1 in Dodging
   392 | D:1      | Slain by a goblin

Illustrated notes

Levels and vault maps discovered:
D:1:      dpeg_arrival_pits, layout_rooms

Skill      XL: |  1 |
---------------+----+-----
Dodging        | 1 |  1.0
Fighting       | |  3.3
Axes           | |  2.1
Armour         | |  2.2
Invocations    | |  2.2

Action                   || total
-------------------------++-------
Melee: Hand axe          ||    10
Invok: Depart the Abyss  ||     1
Armor: Leather armour    ||     3
Dodge: Dodged            ||    10

Table legend: (Time is in decaauts)
 A = Elapsed time spent in this place.
 B = Non-inter-level travel time spent in this place.
 C = Inter-level travel time spent in this place.
 D = Time resting spent in this place.
 E = Time spent auto-exploring this place.
 F = Levels seen in this place.
 G = Mean time per level.
                   A        B        C        D        E       F      G
               +--------+--------+--------+--------+--------+-----+--------+
         Total |    393 |    393 |      0 |    280 |     84 |   2 |  196.5 |
       Dungeon |    307 |    307 |      0 |    280 |      1 |   1 |  307.0 |
         Abyss |     86 |     86 |      0 |      0 |     83 |   1 |   86.0 |
               +--------+--------+--------+--------+--------+-----+--------+

Top non-repeatable levels by time:
     D:1: 307 daAuts
 Abyss:1: 86 daAuts
